 Dungeon Crawl Stone Soup version 0.29.1-12-g30fa7ad0bf (webtiles) character file.

Game seed: 4975135071885122232

287 Descartes the Shield-Bearer (level 6, 0/48 HPs)
             Began as a Formicid Fighter on Jan 9, 2023.
             Succumbed to a gnoll sergeant's poison
             ... on level 4 of the Dungeon.
             The game lasted 00:05:12 (3878 turns).

Descartes the Shield-Bearer (Formicid Fighter)      Turns: 3878, Time: 00:05:13

Health: 0/48       AC: 12    Str: 23    XL:     6   Next: 56%
Magic:  6/6        EV:  9    Int:  7    God:
Gold:   202        SH:  5    Dex: 13    Spells: 5/5 levels left

rFire   . . .      SeeInvis +   a - +0 war axe
rCold   . . .      Faith    .   c - +0 buckler
rNeg    + . .      Spirit   .   b - +0 scale mail
rPois   .          Reflect  .   (helmet unavailable)
rElec   .          Harm     .   (no cloak)
rCorr   .          Rampage  .   (no gloves)
Will    .....                   v - +0 pair of boots
Stlth   ..........              (no amulet)
HPRegen 0.16/turn               o - +4 ring of protection
MPRegen 0.10/turn               t - ring of positive energy

@: lethally poisoned (0 -> -29), flying
A: permanent stasis, dig shafts and tunnels, antennae 3, four strong arms
a: Dig, Shaft Self


You were on level 4 of the Dungeon.
You visited 1 branch of the dungeon, and saw 4 of its levels.

You collected 202 gold pieces.

Inventory:

Hand Weapons
 a - a +0 war axe (weapon)
Armour
 b - a +0 scale mail (worn)
 c - a +0 buckler (worn)
 v - a +0 pair of boots (worn)
Jewellery
 n - a +6 ring of strength
 o - a +4 ring of protection (left hand)
 t - a ring of positive energy (right hand)
 y - a ring of fire
Scrolls
 e - 2 scrolls of brand weapon {unknown}
 f - a scroll of enchant armour {unknown}
 i - 2 scrolls of teleportation {unknown}
 j - 7 scrolls of identify {unknown}
 k - a scroll of fear {unknown}
 l - 3 scrolls of blinking {unknown}
 s - a scroll of magic mapping {unknown}
 u - a scroll of amnesia {unknown}
 w - 2 scrolls of butterflies {unknown}
Potions
 d - 2 potions of might
 g - a potion of degeneration {unknown}
 h - a potion of flight
 m - a potion of berserk rage {unknown}
 p - 2 potions of lignification {unknown}
 q - a potion of cancellation {unknown}
 r - a potion of brilliance {unknown}
 x - a potion of heal wounds {unknown}


   Skills:
 + Level 4.1 Fighting
 + Level 3.1 Axes
 + Level 4.2 Armour
 * Level 6.0 Shields
 + Level 1.0 Translocations
 + Level 2.4 Evocations


You had 5 spell levels left.
You didn't know any spells.
Your spell library contained the following spells:

 Spells                   Type           Power      Damage    Failure   Level
 Dazzling Flash           Conj/Hex       0%         N/A       99%         3
 Inner Flame              Hex/Fire       0%         N/A       99%         3
 Cause Fear               Hex            0%         N/A       100%        4
 Iskenderun's Mystic Bla  Conj/Tloc      0%         2d3       100%        4
 Starburst                Conj/Fire      0%         6d3       100%        6
 Discord                  Hex            0%         N/A       100%        8


Dungeon Overview and Level Annotations

Branches:
Dungeon (4/15)
 Temple: D:4-7

Altars:
Fedhas
Makhleb


Innate Abilities, Weirdness & Mutations

You cannot be hasted, slowed, berserked, paralysed or teleported.
You can dig through walls and to a lower floor.
You have a pair of large antennae on your head. (SInv)
Your four strong arms can wield two-handed weapons with a shield.


Message History

Things that are here:
a +0 whip; a gnoll corpse
There is a stone staircase leading down here.
Things that are here:
a +0 club; a +0 flail; a gnoll corpse You can't go down here!
There is a stone staircase leading down here.
You climb downwards.
There is a stone staircase leading up here.
Found an escape hatch in the floor.
You sense a monster nearby.
You sense a monster nearby.
You now have 202 gold pieces (gained 16).
y - a ring of fire You sense a monster nearby.
The gnoll sergeant shouts!
The gnoll shouts! x3
The gnoll hits you but does no damage.
The gnoll sergeant hits you with a +1 trident of venom!
You closely miss the gnoll sergeant. You slash the gnoll!
The gnoll hits you but does no damage. You block the gnoll's attack. x2
The gnoll barely misses you.
The gnoll sergeant hits you with a +1 trident of venom.
The gnoll hits you from afar with a +0 halberd.
The gnoll sergeant hits you with a +1 trident of venom!
You are poisoned.
The gnoll hits you from afar with a +0 spear. x2
The gnoll hits you with a +0 flail.
The gnoll sergeant attacks as you move away!
The gnoll sergeant hits you with a +1 trident of venom.
* * * LOW HITPOINT WARNING * * *
x2 You feel very sick.
The gnoll barely misses you.
The gnoll sergeant hits you from afar with a +1 trident of venom.
* * * LOW HITPOINT WARNING * * *
You are more poisoned.
It was a potion of flight.
You feel very buoyant.
You fly up into the air.
You die...

##.....<....# #
#....(......... .#..# #
#.........##### ....# #
#.........# ....## #
#.........######.....#####
#.........#...............
##.......##...............
##.....###g....##........
#####..@.gg!............
##..gg....<.........
###..(...........>#
#.####..........# #..#
#.......##.. #.##
#.......##.# #.
#.#####.##.. #. #.# #.##..
#. #.#...


You could see a gnoll sergeant and 4 gnolls.

Vanquished Creatures
  A scorpion (D:4)
  Natasha (twice) (D:2)
  4 gnolls
  4 adders
  An ufetubus (D:4)
  5 worms
  2 dart slugs (D:4)
  An orc (D:3)
  5 endoplasms
  A giant cockroach (D:3)
  8 goblins
  10 hobgoblins
  4 jackals (D:4)
  4 quokkas
  8 ball pythons
  2 bats
  8 frilled lizards
  6 kobolds
  7 rats
83 creatures vanquished.

Vanquished Creatures (others)
  6 fungi (D:2)
  5 plants
11 creatures vanquished.

Grand Total: 94 creatures vanquished

Notes
Turn   | Place    | Note
-------+----------+-------------------------------------------
     0 | D:1      | Descartes the Formicid Fighter began the quest for the Orb.
     0 | D:1      | Reached XP level 1. HP: 18/18 MP: 1/1
    17 | D:1      | Reached XP level 2. HP: 24/24 MP: 2/2
   297 | D:1      | Reached XP level 3. HP: 27/29 MP: 3/3
   411 | D:1      | Reached skill level 1 in Evocations
  1106 | D:2      | Found a faded altar of an unknown god.
  1251 | D:2      | Reached XP level 4. HP: 33/36 MP: 4/4
  1433 | D:2      | Found a burning altar of Makhleb.
  1691 | D:2      | Reached skill level 5 in Shields
  1748 | D:2      | Noticed Natasha
  1756 | D:2      | Killed Natasha
  1757 | D:2      | Reached XP level 5. HP: 20/42 MP: 5/5
  1930 | D:2      | Noticed Natasha
  1937 | D:2      | Killed Natasha
  3067 | D:3      | Found a blossoming altar of Fedhas.
  3357 | D:4      | Reached XP level 6. HP: 45/48 MP: 6/6
  3847 | D:3      | Reached skill level 6 in Shields
  3847 | D:3      | Reached skill level 1 in Translocations
  3878 | D:4      | Succumbed to a gnoll sergeant's poison

Illustrated notes

Levels and vault maps discovered:
D:1:      minmay_arrival_solitary_statue, layout_loops_ring, minmay_pentomino_v4
D:2:      layout_loops_ring, basic_altar,
          shapermc_ecumenical_altar_mp_urbaneastern, uniq_natasha
D:3:      layout_basic, mainiacjoe_overflow_six_doors_small, corner_web_ring,
          kennysheep_big_empty_room, serial_bayou_lagoon_a
D:4:      layout_rooms, hangedman_decor_opposing, chequers_serial_rivers_micro_a

Skill      XL: |  1  2  3  4  5  6 |
---------------+-------------------+-----
Evocations     | 1 2 |  2.4
Shields        | 5 6 |  6.0
Armour         | 4 |  4.2
Fighting       | 4 |  4.1
Axes           | 3 |  3.1
Translocations | 1 |  1.0

Action                   |  1- 3 |  4- 6 || total
-------------------------+-------+-------++-------
Melee: War axe           |    75 |   167 ||   242
  Use: Potion            |       |     1 ||     1
Armor: Scale mail        |    26 |    82 ||   108
Dodge: Dodged            |    33 |   103 ||   136
Block: Buckler           |    24 |    81 ||   105
